 Dungeon Crawl Stone Soup version 0.30-a0-965-g42e074c17a (webtiles) character file.

Game seed: 10420044677433008513

604 pokeman the Magician (level 7, -3/38 HPs)
             Began as a Deep Elf Hedge Wizard on Mar 30, 2023.
             Slain by a bullfrog zombie (5 damage)
             ... in an ossuary.
             The game lasted 00:09:56 (4515 turns).

pokeman the Magician (Deep Elf Hedge Wizard)        Turns: 4515, Time: 00:09:56

Health: -3/38      AC:  3    Str:  7    XL:     7   Next: 18%
Magic:  16/20      EV: 13    Int: 21    God:
Gold:   25         SH:  0    Dex: 14    Spells: 13/21 levels left

rFire   . . .      SeeInvis .    w - +2 arbalest
rCold   . . .      Faith    .    (shield currently unavailable)
rNeg    . . .      Spirit   .    b - +0 robe
rPois   .          Reflect  .    c - +0 hat
rElec   .          Rampage  .    (no cloak)
rCorr   .                        (no gloves)
Will    .....                    e - +0 pair of boots
Stlth   ++                       (no amulet)
HPRegen 0.26/turn                (no ring)
MPRegen 0.17/turn                (no ring)

@: on blink cooldown, silenced
A: no striking features
a: no special abilities


You were in an ossuary.
You visited 1 branch of the dungeon, and saw 4 of its levels.
You also visited: Ossuary.

You collected 235 gold pieces.
You spent 210 gold pieces at shops.

Inventory:

Hand Weapons
 w - a +2 arbalest (weapon)
Armour
 b - a +0 robe (worn)
 c - a +0 hat (worn)
 e - a +0 pair of boots (worn)
Magical Staves
 q - a staff of fire
Scrolls
 a - 3 scrolls of identify {unknown}
 f - a scroll of blinking {unknown}
 g - a scroll of silence {unknown}
 h - a scroll of noise {unknown}
 j - a scroll of teleportation {unknown}
 m - a scroll of enchant armour {unknown}
 r - a scroll of fear {unknown}
 t - 2 scrolls of poison {unknown}
 u - a scroll of immolation {unknown}
Potions
 d - 2 potions of magic
 i - a potion of berserk rage {unknown}
 k - a potion of haste {unknown}
 l - a potion of flight {unknown}
 n - a potion of heal wounds {unknown}
 o - a potion of attraction {unknown}
 p - a potion of mutation {unknown}
 s - a potion of might {unknown}
 v - a potion of brilliance {unknown}


   Skills:
 + Level 1.3 Fighting
 - Level 1.0 Armour
 - Level 3.0 Dodging
 - Level 3.0 Stealth
 * Level 7.8 Spellcasting
 + Level 3.7 Conjurations
 - Level 1.1 Summonings
 - Level 1.1 Translocations
 - Level 2.0 Fire Magic
 - Level 2.0 Air Magic
 - Level 1.0 Poison Magic
 + Level 0.9 Evocations


You had 13 spell levels left.
You knew the following spells:

 Your Spells              Type           Power      Damage    Failure   Level
a - Magic Dart            Conj           92%        1d7       1%          1
b - Mephitic Cloud        Conj/Pois/Air  17%        N/A       10%         3
c - Call Imp              Summ           12%        N/A       8%          2
d - Blink                 Tloc           24%        N/A       8%          2

Your spell library contained the following spells:

 Spells                   Type           Power      Damage    Failure   Level
 Slow                     Hex            32%        N/A       9%          1
 Cigotuvi's Dreadful Rot  Necr/Pois/Air  24%        N/A       9%          2


Dungeon Overview and Level Annotations

Branches:
Dungeon (4/15)            Ossuary (1/1)
 Temple: D:4-7

Altars:
Ru
Wu Jian

Shops:
D:2 (   D:4 (


Message History

You shoot a bolt. The bolt hits the adder zombie.
The adder zombie is moderately damaged.
The bullfrog zombie hits you.
Your crimson imp hits the adder zombie.
The bullfrog zombie misses you.
The adder zombie bites you but does no damage.
Your crimson imp closely misses the adder zombie.
The bullfrog zombie hits you. The adder zombie barely misses you.
Fire: w) +2 arbalest
Press: ? - help, Q - select action, (/) - cycle Shift-Dir - straight line, f/p - adder zombie
Aim: an adder zombie (heavily damaged, ally target, 54% to hit)
You shoot a bolt.
The bolt barely misses the adder zombie.
The bullfrog zombie barely misses you.
Your crimson imp hits the adder zombie.
The adder zombie bites you. The bullfrog zombie hits you.
* * * LOW HITPOINT WARNING * * *
Your crimson imp hits the adder zombie.
The adder zombie misses your crimson imp.
Casting: Call Imp (safe; 8% risk of failure)
Confirm with . or Enter, or press ? or * to list all spells.
You blink.
Your crimson imp hits the adder zombie.
The adder zombie closely misses your crimson imp.
The bullfrog zombie hits you.
* * * LOW HITPOINT WARNING * * *
Unknown command.
Fire: w) +2 arbalest
Press: ? - help, Q - select action, (/) - cycle Shift-Dir - straight line, f/p - adder zombie
Aim: an adder zombie (almost destroyed, not watching you, ally target, 54% to hit)
You shoot a bolt. The bolt hits the bullfrog zombie!
The bullfrog zombie is moderately damaged.
The adder zombie misses your crimson imp.
Your crimson imp hits the adder zombie.
The adder zombie is destroyed!
The bullfrog zombie hits you but does no damage.
The bullfrog zombie hits you.
* * * LOW HITPOINT WARNING * * *
The bullfrog zombie barely misses you.
Your crimson imp blinks!
The bullfrog zombie attacks as you move away!
The bullfrog zombie hits you.
You die...

########## ##########
##5.......# #........#
##.....ยง...###.........
#.....@Z....'..........
#............'..........
#....8.......'.......8..
#...8#8....#####....8#8.
#....8...### ###...8..
#.......## ##.....
#......## ##.... #......
#.... .....# ##...


You could see a bullfrog zombie (ally target) and a friendly crimson imp
(summoned).

Vanquished Creatures
  2 scorpions
  A centaur zombie (Ossuary)
  A hound (D:4)
  An orc priest (D:4)
  Natasha (thrice) (D:3)
  A gnoll (D:1)
  An ufetubus (D:4)
  An adder zombie (Ossuary)
  5 orcs
  4 bats
  5 endoplasms
  A giant cockroach (D:3)
  2 goblins
  4 hobgoblins
  8 jackals
  6 ball pythons
  2 frilled lizards
  5 gnoll zombies (Ossuary)
  4 goblin zombies (Ossuary)
  2 hobgoblin zombies (Ossuary)
  8 kobolds
  An orc zombie (Ossuary)
  3 rats
71 creatures vanquished.

Vanquished Creatures (collateral kills)
  Grinder (D:3)
  Terence (D:3)
  An adder zombie (Ossuary)
3 creatures vanquished.

Vanquished Creatures (others)
  10 plants (D:3)
10 creatures vanquished.

Grand Total: 84 creatures vanquished

Notes
Turn   | Place    | Note
-------+----------+-------------------------------------------
     0 | D:1      | pokeman the Deep Elf Hedge Wizard began the quest for the
                  | Orb.
     0 | D:1      | Reached XP level 1. HP: 10/10 MP: 7/7
   332 | D:1      | Reached XP level 2. HP: 15/15 MP: 6/9
   619 | D:1      | Reached skill level 5 in Spellcasting
   831 | D:1      | Reached XP level 3. HP: 20/20 MP: 8/11
   835 | D:1      | Learned a level 3 spell: Mephitic Cloud
   838 | D:1      | Learned a level 2 spell: Call Imp
   841 | D:1      | Learned a level 2 spell: Blink
  1756 | D:2      | Found a sacrificial altar of Ru.
  1886 | D:2      | Reached skill level 1 in Armour
  2099 | D:2      | Found Pib Ycou's Antique Weapon Boutique.
  2406 | D:3      | Noticed Terence
  2413 | D:3      | Killed Terence
  2414 | D:3      | Reached skill level 1 in Fighting
  2414 | D:3      | Reached XP level 4. HP: 25/25 MP: 6/13
  2686 | D:3      | Noticed Natasha
  2702 | D:3      | Killed Natasha
  2864 | D:3      | Noticed Grinder
  2876 | D:3      | Paralysed by Grinder for 5 turns
  3050 | D:3      | Noticed Natasha
  3056 | D:3      | Killed Natasha
  3058 | D:3      | Reached skill level 6 in Spellcasting
  3226 | D:3      | Found a faded altar of an unknown god.
  3315 | D:3      | Noticed Natasha
  3328 | D:3      | Killed Natasha
  3329 | D:3      | Reached XP level 5. HP: 29/29 MP: 4/15
  3405 | D:2      | Bought a glowing arbalest for 210 gold pieces
  4053 | D:3      | Paralysed by Grinder for 2 turns
  4061 | D:3      | Killed Grinder
  4062 | D:3      | Reached skill level 7 in Spellcasting
  4062 | D:3      | Reached skill level 1 in Fire Magic
  4062 | D:3      | Reached skill level 1 in Air Magic
  4062 | D:3      | Reached XP level 6. HP: 10/34 MP: 11/18
  4260 | D:4      | Found an ornate altar of the Wu Jian Council.
  4268 | D:4      | Found Hoipuh's Weapon Emporium.
  4329 | D:4      | Found a sand-covered staircase.
  4335 | Ossuary  | Entered an ossuary
  4370 | Ossuary  | Reached skill level 1 in Poison Magic
  4403 | Ossuary  | Reached XP level 7. HP: 24/38 MP: 20/20
  4513 | Ossuary  | HP: 1/38 [bullfrog zombie (4)]
  4515 | Ossuary  | Slain by a bullfrog zombie

Illustrated notes

Levels and vault maps discovered:
D:1:      saegor_arrival_simple_d, layout_basic, serial_rivers,
          chequers_serial_rivers_micro_a, chequers_serial_rivers_micro_c,
          chequers_serial_rivers_micro_d, chequers_serial_rivers_micro_a,
          chequers_serial_rivers_micro_a, chequers_serial_rivers_micro_a
D:2:      layout_basic, serial_shops, nicolae_shop_hallway_plus, basic_altar
D:3:      layout_basic, serial_bayou, serial_bayou_pond_d, serial_bayou_pond_c,
          serial_bayou_shore_a, serial_bayou_pond_e,
          shapermc_ecumenical_altar_totnotflames, uniq_terence, uniq_grinder,
          uniq_natasha
D:4:      layout_rooms, amcnicky_altar_gilded,
          minmay_temple_entry_statues_pillars, enter_ossuary_2, serial_shops,
          nicolae_shop_hallway_stairs
Ossuary:  ossuary_hellmonk_silent_tomb

Skill      XL: |  1  2  3  4  5  6 |
---------------+-------------------+-----
Spellcasting   | 5 6 7 |  7.8
Armour         | 1 |  1.0
Fighting       | 1 |  1.3
Conjurations   | 2 3 |  3.7
Dodging        | 3 |  3.0
Stealth        | 3 |  3.0
Fire Magic     | 1 2 |  2.0
Air Magic      | 1 2 |  2.0
Poison Magic   | 1 |  1.0
Summonings     | |  1.1
Translocations | |  1.1
Evocations     | |  0.9

Action                     |  1- 3 |  4- 6 |  7- 9 || total
---------------------------+-------+-------+-------++-------
  Melee: Dagger            |     6 |     6 |       ||    12
   Fire: Arbalest          |       |    39 |    29 ||    68
   Cast: Magic Dart        |    81 |    46 |       ||   127
         Call Imp          |     1 |     4 |     2 ||     7
         Mephitic Cloud    |     1 |     6 |       ||     7
         Blink             |       |     2 |     1 ||     3
 Armour: Robe              |     3 |    24 |     7 ||    34
  Dodge: Dodged            |     5 |    42 |    22 ||    69

Table legend: (Time is in decaauts)
 A = Elapsed time spent in this place.
 B = Non-inter-level travel time spent in this place.
 C = Inter-level travel time spent in this place.
 D = Time resting spent in this place.
 E = Time spent auto-exploring this place.
 F = Levels seen in this place.
 G = Mean time per level.
                   A        B        C        D        E       F      G
               +--------+--------+--------+--------+--------+-----+--------+
         Total |   4606 |   4280 |    326 |      0 |   3398 |   5 |  921.2 |
       Dungeon |   4382 |   4056 |    326 |      0 |   3305 |   4 | 1095.5 |
       Ossuary |    223 |    223 |      0 |      0 |     93 |   1 |  223.0 |
               +--------+--------+--------+--------+--------+-----+--------+

Top non-repeatable levels by time:
     D:3: 1809 daAuts
     D:1: 1236 daAuts
     D:2: 1174 daAuts
 Ossuary: 223 daAuts
     D:4: 162 daAuts
